 Dungeon Crawl Stone Soup version 0.24.0-10-g970556be89 (webtiles) character file.

Game seed: 7936960964686991098, levelgen mode: deterministic

198 Inarius the Ducker (level 5, -6/24 HPs)
             Began as a Felid Fighter on Nov 3, 2019.
             Was a Believer of Jiyva.
             Shot with an arrow by a centaur (15 damage)
             ... on level 5 of the Dungeon.
             The game lasted 00:06:07 (4031 turns).

Inarius the Ducker (Felid Fighter)                  Turns: 4031, Time: 00:06:07

Health: -6/24      AC:  1    Str: 12    XL:     5   Next: 47%
Magic:  15/15      EV: 21    Int: 10    God:    Jiyva [**....]
Gold:   149        SH:  0    Dex: 16    Spells: 2/4 levels left
                                        Lives:  0   Deaths: 1

rFire    . . .     SeeInvis +     - Unarmed
rCold    . . .     Gourm    .   (shield unavailable)
rNeg     . . .     Faith    .   (armour unavailable)
rPois    .         Spirit   .   (helmet unavailable)
rElec    .         Reflect  .   (cloak unavailable)
rCorr    .         Harm     .   (gloves unavailable)
MR       .....                  (boots unavailable)
Stlth    +++.......             (no amulet)
HPRegen  0.08/turn              e - ring of magical power
MPRegen  0.14/turn              m - ring of wizardry

@: quick
A: very small, no armour, no weapons or thrown items, stealth, claws 1, fangs 3,
see invisible, carnivore, speed 1, shaggy fur 1, slow metabolism 1, sharp paws
a: Request Jelly, Renounce Religion


You were on level 5 of the Dungeon.
You worshipped Jiyva.
Jiyva was pleased with you.
You were full.

You visited 1 branch of the dungeon, and saw 5 of its levels.

You collected 149 gold pieces.

Inventory:

Jewellery
 e - a ring of magical power (left paw)
 m - a ring of wizardry (right paw)
Wands
 n - a wand of paralysis (2)
Scrolls
 c - 2 scrolls of identify {unknown}
 f - a scroll of enchant weapon {unknown}
 h - 2 scrolls of noise {unknown}
 k - a scroll of teleportation {unknown}
 o - a scroll of fog {unknown}
 p - a scroll of magic mapping {unknown}
 q - a scroll of amnesia {unknown}
 t - a scroll of random uselessness {unknown}
Potions
 a - a potion of might
 d - 2 potions of resistance
 g - a potion of heal wounds {unknown}
 j - a potion of ambrosia {unknown}
 s - a potion of mutation {unknown}
Comestibles
 b - 8 rations


   Skills:
 * Level 3.6 Fighting
 * Level 5.3 Dodging
 * Level 4.9 Stealth
 + Level 5.2 Unarmed Combat
 + Level 0.1 Evocations


You had 2 spell levels left.
You knew the following spells:

 Your Spells              Type           Power        Failure   Level  Hunger
a - Blink                 Tloc           N/A          22%         2    ###....

Your spell library contained the following spells:

 Spells                   Type           Power        Failure   Level  Hunger
 Magic Dart               Conj           #...         16%         1    ##.....
 Call Imp                 Summ           #.......     22%         2    ###....
 Slow                     Hex            #.......     22%         2    ###....
 Conjure Flame            Conj/Fire      #.......     41%         3    ####...
 Mephitic Cloud           Conj/Pois/Air  #.......     41%         3    ####...


Dungeon Overview and Level Annotations

Branches:
Dungeon (5/15)             Temple (0/1) D:4

Altars:
Yredelemnul
Jiyva


Innate Abilities, Weirdness & Mutations

You cannot wear armour.
You are incapable of wielding weapons or throwing items.
Your paws allow you to move quietly. (Stealth)
You have sharp claws.
You have razor-sharp teeth.
You have supernaturally acute eyesight. (SInv)
You are carnivorous and can eat meat at any time.
You cover ground quickly.
You are covered in fur. (AC +1)
You have a slow metabolism.
Your sharp claws are effective at attacking unaware monsters.


Message History

There is a stone staircase leading up here.
Found an escape hatch in the ceiling.
Found 5 gold pieces.
f - a scroll labeled BEIFUQY GUKHLOS
Okay, then.
Unknown command.
You now have 149 gold pieces (gained 5).
You open the door.
There is an open door here.
A centaur comes into view.
The centaur wields a +0 shortbow.
The centaur shoots an arrow.
The arrow hits you.
Found a ration.
You see here an arrow.
A centaur zombie comes into view.
The centaur shoots an arrow.
The arrow hits you!
You see here an arrow.
The centaur shoots an arrow.
The arrow hits you!
Ouch! That really hurt!
You die...

......#
.......#
...%...
#..... ####+#
#...#
...Z.c##...##
............#
.......@....#
.##...##(...#
#.. #.(..#
... #...##
... ##'#####
.. +......# #
#......#
#......#
#.....##


You could see a centaur and a centaur zombie (wandering).

Vanquished Creatures
  An ogre (D:4)
  An orc priest (D:4)
  A worker ant (D:4)
  Terence (D:2)
  A hound skeleton (D:3)
  4 gnolls (D:4)
  A howler monkey skeleton (D:4)
  An ooze (D:2)
  2 worms (D:3)
  3 dart slugs
  2 leopard geckos (D:1)
  2 orcs
  A ball python (D:2)
  3 giant cockroaches
  2 gnoll zombies (D:2)
  4 goblins
  4 hobgoblins
  3 jackals (D:2)
  6 kobolds
  A quokka (D:3)
  6 bats
  6 frilled lizards
56 creatures vanquished.

Vanquished Creatures (others)
  An ogre (D:4)
  12 jellies (D:4)
  3 orc priests (D:4)
  A worker ant (D:4)
  An orc wizard (D:4)
  A dart slug (D:4)
  3 orcs (D:4)
22 creatures vanquished.

Grand Total: 78 creatures vanquished

Notes
Turn   | Place    | Note
-------+----------+-------------------------------------------
     0 | D:1      | Inarius the Felid Fighter began the quest for the Orb.
     0 | D:1      | Reached XP level 1. HP: 10/10 MP: 2/2
   335 | D:1      | Reached XP level 2. HP: 14/14 MP: 3/3
   362 | D:1      | Reached skill level 1 in Stealth
  1061 | D:2      | Reached XP level 3. HP: 17/17 MP: 4/4
  1062 | D:2      | Noticed Terence
  1078 | D:2      | Killed Terence
  1220 | D:2      | Found a basalt altar of Yredelemnul.
  1876 | D:3      | Reached XP level 4. HP: 21/21 MP: 5/5
  2348 | D:3      | Found a faded altar of an unknown god.
  2370 | D:3      | Became a worshipper of Jiyva Jiemiwk the Shapeless
  2370 | D:3      | Reached * piety under Jiyva
  2747 | D:4      | Found a staircase to the Ecumenical Temple.
  2923 | D:4      | Reached skill level 5 in Dodging
  2923 | D:4      | Reached skill level 5 in Unarmed Combat
  2948 | D:4      | Reached XP level 5. HP: 19/24 MP: 6/6
  2992 | D:4      | Killed an ogre
  3045 | D:4      | Reached ** piety under Jiyva
  3142 | D:4      | Killed from afar by an orc priest
  3143 | D:4      | Reached XP level 4. HP: -7/21 MP: 14/14
  3155 | D:4      | Noticed an ogre
  3169 | D:4      | Killed an ogre
  3169 | D:4      | Reached XP level 5. HP: 24/24 MP: 6/6
  3861 | D:4      | Learned a level 2 spell: Blink
  4009 | D:5      | Entered Level 5 of the Dungeon
  4028 | D:5      | Noticed a centaur
  4031 | D:5      | Shot with an arrow by a centaur

Levels and vault maps discovered:
D:1:      giann_forest_graveyard, layout_basic, minivault_24
D:2:      layout_loops_ring, lemuel_zombie_altar_yredelemnul, uniq_terence
D:3:      layout_basic, first_ration, chequers_ecumenical_altar_simple_redux
D:4:      layout_cave_pods, minmay_temple_entry_trees, lemuel_old_faithful
D:5:      layout_gridville, sigmund_army

Skill      XL: |  1  2  3  4 |
---------------+-------------+-----
Stealth        | 1 2 4 |  4.9
Dodging        | 5 |  5.3
Unarmed Combat | 5 |  5.2
Fighting       | |  3.6
Evocations     | |  0.1

Action                   |  1- 3 |  4- 6 || total
-------------------------+-------+-------++-------
Melee: Unarmed           |    92 |    52 ||   144
       Bite              |     7 |     2 ||     9
       Punch             |       |     1 ||     1
Evoke: Wand              |       |     6 ||     6
  Use: Potion            |       |     5 ||     5
 Stab: Sleeping          |     7 |     7 ||    14
       Paralysed         |       |     2 ||     2
  Eat: Chunk             |     9 |     5 ||    14
Armor: Skin              |     3 |       ||     3
Dodge: Dodged            |    74 |    30 ||   104
